cohdb
Replays
Latest Replays
All Replays
Popular Replays
Top Player Replays
Match Explorer
How It Works
Community
CoH3 Stats
Reddit
Sign in to upload your games and track your stats! →
Sign in with Steam
Match 35167741
Unlisted
Match 35167741
Overview
Messages
Build Orders
End
Kettenkrad Recon Vehicle
Construct Infanterie Kompanie
MG 42 Machine Gun Team
Selects Breakthrough Battlegroup
Selects Assault Grenadiers
Grenadier Squad
Grenadier Squad
Construct Panzergrenadier Kompanie
Construct Luftwaffe Kompanie
Selects 2.5-tonne Cargo Truck
2.5-tonne Cargo Truck
Support Elements
Wirbelwind Flakpanzer
2.5-tonne Cargo Truck
Medical Station
Selects Smoke Bombing Run
Smoke Bombing Run
Marder III M Tank Destroyer
Selects Incendiary Bombing Run
Incendiary Bombing Run
Construct Panzer Kompanie
Selects Blitzkrieg
Wirbelwind Flakpanzer
Incendiary Bombing Run
2.5-tonne Cargo Truck
Incendiary Bombing Run
Construct Panzer Kompanie
Incendiary Bombing Run
Sturmpanzer IV Brummbär
Marder III M Tank Destroyer
Volve
zugru90
★彡ỆĿḄỆḦÏŔÏ彡★
3171549246
正义小PP
R4mbo-v-
LuckySeven
VleerPoezzz
0
0
Comments
sign in to comment!
No comments posted yet!